Cogmind - Beta 13 @@@ ROGUE MODE // 2024.06.13 @ 14:51:14 Player: celerysam Result: Destroyed by G-47 Trooper with Particle Gun Performance ------------- Evolutions (2) 1000 Regions Visited (4) 800 Robots Destroyed (37) 185 Value Destroyed (1354) 1354 Prototype IDs (2) 40 Alien Tech Used (0) 0 Bonus (200) 200 TOTAL SCORE: 3579 Bonus ------- Entered Garrisons 200 Cogmind --------- Core Integrity 0/550 Matter 176/300 Energy 93/160 System Corruption 5% Temperature Cool (11) Movement Flying (32) Location -8/Garrison Parts ------- > --- POWER (2) -------- Light Nuclear Core > --- PROPULSION (4) --- Flight Unit Flight Unit Cesium-ion Thruster > --- UTILITY (3) ------ (None) > --- WEAPON (2) ------- Heavy Hammer > --- INVENTORY (5) ---- Armored Treads Improved Sensor Array Light Assault Rifle Assault Cannon Remote Datajack Peak State ------------ > --- POWER ------------ Micro Nuclear Core Micro Nuclear Core > --- PROPULSION ------- Light Treads Gravmag System Gravmag System Gravmag System > --- UTILITY ---------- Medium Storage Unit Advanced ECM Suite > --- WEAPON ----------- Remote Datajack Chainsword > --- INVENTORY -------- Armored Treads Cesium-ion Thruster Improved Sensor Array Relay Coupler [Specialist] Field Laser Heavy Particle Cannon Assault Cannon Grenade Launcher Datajack Heavy Hammer [Rating: 36] Favorites ----------- Power Ion Engine Engine Ion Engine Power Core Micro Nuclear Core Propulsion Light Treads Treads Light Treads Leg Aluminum Leg Wheel Compact Wheel Hover Unit Gravmag System Flight Unit Flight Unit Utility Medium Storage Unit Device High-powered Tractor Beam Storage Medium Storage Unit Protection Hardened Light Armor Plating Weapon Heavy Hammer Energy Gun Heavy EM Shotgun Energy Cannon Particle Cannon Launcher Grenade Launcher Special Weapon Remote Datajack Impact Weapon Heavy Hammer Slashing Weapon Chainsword Special Melee Weapon Datajack Build | -11 -10 -9 -8 -8 ------- Run | Yrd Mat Mat Mat Gar Slots Evolved 4 | . . 2 2 . Power 1 | . . . 1 . Propulsion 2 | . . 1 1 . Utility 1 | . . 1 . . Weapon . | . . . . . Parts Attached 52 | 6 4 6 16 20 Power 12 | 1 . . 4 7 Engine 5 | 1 . . 2 2 Core 7 | . . . 2 5 Reactor . | . . . . . Propulsion 17 | 2 . 2 5 8 Treads 5 | . . 2 2 1 Leg 3 | . . . 3 . Wheel 2 | 2 . . . . Hover 3 | . . . . 3 Flight 4 | . . . . 4 Utility 6 | 1 . 2 3 . Device 3 | . . 1 2 . Storage 2 | 1 . 1 . . Processor . | . . . . . Hackware . | . . . . . Protection 1 | . . . 1 . Artifact . | . . . . . Weapon 17 | 2 4 2 4 5 Energy Gun 10 | 2 4 . 3 1 Energy Cannon 1 | . . 1 . . Ballistic Gun . | . . . . . Ballistic Cannon . | . . . . . Launcher 1 | . . . . 1 Special Weapon 1 | . . . . 1 Impact Weapon 2 | . . 1 . 1 Slashing Weapon 1 | . . . 1 . Piercing Weapon . | . . . . . Special Melee Weapon 1 | . . . . 1 Unidentified Prototypes 2 | . . . 2 . Parts Lost 25 | . 1 1 6 17 Power 5 | . . . 2 3 Propulsion 10 | . . 1 2 7 Utility 4 | . . . 2 2 Weapon 6 | . 1 . . 5 Highest Loss Streak 9 | . 1 1 5 9 To Critical Strikes 1 | . . . . 1 Average Slot Usage (%) 83 | . 85 80 88 78 Engine 8 | . 14 11 11 . Core 6 | . . . 5 15 Treads 10 | . . 11 15 9 Leg 7 | . . . 18 4 Wheel 6 | . 28 14 . . Hover 3 | . . . . 11 Flight 1 | . . . . 3 Device 7 | . . 10 7 9 Storage 9 | . 14 11 9 7 Protection 1 | . . . 3 . Energy Gun 7 | . 28 1 8 2 Energy Cannon 2 | . . 10 . . Special Weapon 1 | . . . . 3 Impact Weapon 5 | . . 10 7 1 Slashing Weapon 2 | . . . 1 6 Naked Turns . | . . . . . Heaviest Build 32 | 14 15 23 32 32 Greatest Support 40 | 26 26 40 40 40 Greatest Overweight (x) 6 | 1 . 1 2 6 Average Overweight (x) . | . . . . . Largest Inventory Capacity 10 | 8 8 10 10 10 Average Capacity 9 | 7 8 9 10 9 Most Carried 10 | 6 8 9 10 10 Average Carried 8 | 3 7 7 8 9 Final Capacity 10 | 8 8 10 10 5 Final Carried 10 | 6 8 7 10 5 Class Distribution -------------------- 82% | Mutant 13% | Scavenger-Mutant 4% | Scavenger-Sprinter Dominant Class ---------------- Mutant | -10/Materials Mutant | -9/Materials Mutant | -8/Materials Scavenger-Mutant | -8/Garrison Resources | -11 -10 -9 -8 -8 ----------- Run | Yrd Mat Mat Mat Gar Matter Collected 612 | 210 90 40 125 147 Remotely 138 | . . 10 100 28 Salvage Created 1157 | . 241 140 482 294 Parts 55 | . 9 7 12 27 Haulers Intercepted . | . . . . . Recyclers Shooed . | . . . . . Parts Field Recycled . | . . . . . Retrieved Matter . | . . . . . Parts Self-Destructed . | . . . . . Prevented . | . . . . . Kills | -11 -10 -9 -8 -8 ------- Run | Yrd Mat Mat Mat Gar Combat Hostiles Destroyed 33 | . 5 5 9 14 Melee 11 | . . 3 2 6 Guns 8 | . 5 . 2 1 AOE 6 | . . . . 6 Classes Destroyed 8 | . 3 2 2 1 Worker 2 | . 1 . 1 . Operator 1 | . 1 . . . Watcher 1 | . . . 1 . Swarmer 12 | . . 3 . 9 Grunt 13 | . 5 . 6 2 Sentry 3 | . . 2 1 . Specialist 2 | . . . 2 . Programmer 3 | . . . . 3 Best Kill Streak 8 | . 2 4 7 8 Combat Bots Only 8 | . 2 4 5 8 Max Kills in Single Turn 5 | . 1 1 1 5 Gunslinging . | . . . . . Exploded 5 | . . . . 5 Melee 1 | . . 1 1 1 Uniques/NPCs Destroyed . | . . . . . Combat | -11 -10 -9 -8 -8 -------- Run | Yrd Mat Mat Mat Gar Hostile Shots Fired 332 | . 23 39 80 190 Missed 90 | . 10 11 23 46 Damage Taken 2960 | . 148 228 940 1644 Core 620 | . 11 55 142 412 Absorbed by Shields . | . . . . . Core Remaining (%) 93 | 100 95 86 . . Volleys Fired 35 | . 19 . 10 6 Largest 2 | . 2 . 1 1 Hottest 115 | . 115 . 50 63 Shots Fired 51 | . 35 . 10 6 Gun 49 | . 35 . 10 4 Cannon . | . . . . . Launcher 2 | . . . . 2 Special . | . . . . . Kinetic . | . . . . . Thermal 26 | . 22 . . 4 Explosive 2 | . . . . 2 Electromagnetic 23 | . 13 . 10 . Robot Hit Streak 9 | . 9 . 5 5 Robot Miss Streak 1 | . 1 . 1 1 Penetration Max . | . . . . . Secondary Targets . | . . . . . Shots Hit Robots 84 | . 26 8 27 23 Core Hits 45 | . 12 2 10 21 Critical Kills 1 | . . . 1 . Critical Parts Destroyed 7 | . . 2 5 . Critical Strikes 10 | . 1 2 6 1 Burn 1 | . 1 . . . Smash 8 | . . 2 6 . Sever 1 | . . . . 1 Melee Attacks 67 | . . 13 23 31 Impact 41 | . . 13 23 5 Slashing 26 | . . . . 26 Piercing . | . . . . . Sneak Attacks 1 | . . . 1 . Combat Hostiles . | . . . . . Follow-up Attacks . | . . . . . Damage Inflicted 2740 | . 407 319 918 1096 Guns 635 | . 360 . 224 51 Cannons . | . . . . . Explosions 480 | . 47 . 42 391 Melee 1625 | . . 319 652 654 Ramming . | . . . . . Kinetic . | . . . . . Thermal 359 | . 266 . 42 51 Explosive 391 | . . . . 391 Electromagnetic 365 | . 141 . 224 . Impact 1089 | . . 319 652 118 Slashing 536 | . . . . 536 Piercing . | . . . . . Highest Corruption 5 | . . . . 5 Average Corruption 4 | . . . . 4 Corruption Purged . | . . . . . Corruption Blocked . | . . . . . Effects 13 | . . . . 13 Message Errors 4 | . . . . 4 Matter Fused 2 | . . . . 2 Heat Flow Errors 1 | . . . . 1 Energy Discharges 2 | . . . . 2 Parts Rejected 2 | . . . . 2 Data Loss (minor) 1 | . . . . 1 Alerts 1 | . . . . 1 Overload Shots . | . . . . . Overflow Damage 336 | . . 95 177 64 Projectiles . | . . . . . Explosions . | . . . . . Melee 336 | . . 95 177 64 Knockbacks 4 | . . 1 3 . Impact 4 | . . 1 3 . Kinetic . | . . . . . Secondary . | . . . . . Self-Inflicted Damage 31 | . . . 31 . Shots 1 | . . . 1 . Rammed . | . . . . . Targets Rammed . | . . . . . Kicked . | . . . . . Crushed . | . . . . . Highest Temperature 247 | . 247 . 54 240 Average Temperature 81 | . 97 . 20 94 Received Heat Transfer 813 | . 75 9 432 297 Siege Activations . | . . . . . Robots Corrupted . | . . . . . Combat Hostiles . | . . . . . Parts Fried 13 | . . 2 9 2 Impact Corruptions 14 | . . 4 9 1 Robots Melted . | . . . . . Combat Hostiles . | . . . . . Parts Melted 2 | . 2 . . . Heat Transferred 902 | . 741 . 50 111 Parts Sabotaged . | . . . . . Parts Stolen . | . . . . . Parts Stripped . | . . . . . Power Chain Reactions 2 | . 1 . 1 . Alert | -11 -10 -9 -8 -8 ------- Run | Yrd Mat Mat Mat Gar Peak Influence 382 | . 170 221 313 382 Initial 92 | . . 71 92 85 Average 186 | . 57 183 173 275 Maximum Alert Level 1 | . . 1 1 1 Low Security (%) 47 | 100 100 31 63 13 Level 1 52 | . . 68 36 86 Level 2 . | . . . . . Level 3 . | . . . . . Level 4 . | . . . . . Level 5 . | . . . . . High Security . | . . . . . Max Security . | . . . . . Squads Dispatched 4 | . 2 . 2 . Investigation 1 | . . . 1 . Extermination . | . . . . . Reinforcement 3 | . 2 . 1 . Assault . | . . . . . Garrison . | . . . . . Intercept . | . . . . . Searches Triggered . | . . . . . Construction Impeded . | . . . . . Haulers Reinforced . | . . . . . Active Scanning Responses . | . . . . . Cargo Convoy Interrupts . | . . . . . Stealth | -11 -10 -9 -8 -8 --------- Run | Yrd Mat Mat Mat Gar Distress Signals 4 | . 1 1 2 . Communications Jammed . | . . . . . Distress Signals . | . . . . . Times Spotted 55 | . 14 7 12 22 Peak Tracking Total 8 | . 5 5 5 8 Tactical Retreats 3 | . . . 1 2 Traps | -11 -10 -9 -8 -8 ------- Run | Yrd Mat Mat Mat Gar Traps Triggered 4 | . . . 2 2 Indirectly . | . . . . . Trap Hack Attempts . | . . . . . Triggered . | . . . . . Disarmed . | . . . . . Reprogrammed . | . . . . . Reused . | . . . . . Traps Extracted . | . . . . . Installed . | . . . . . Triggered . | . . . . . Machines | -11 -10 -9 -8 -8 ---------- Run | Yrd Mat Mat Mat Gar Machines Disabled 1 | . . . . 1 Max in Single Turn 1 | . . . . 1 Garrison Relay 1 | . . . . 1 Machines Repaired . | . . . . . Machines Dismantled . | . . . . . Machines Sabotaged . | . . . . . Overloaded Fab Kills . | . . . . . Hacking | -11 -10 -9 -8 -8 --------- Run | Yrd Mat Mat Mat Gar Machines Accessed 6 | . 1 2 1 2 Terminals 5 | . 1 2 . 2 Fabricators . | . . . . . Repair Stations . | . . . . . Recycling Units . | . . . . . Scanalyzers . | . . . . . Garrison Access 1 | . . . 1 . Total Hacks 11 | . 3 3 1 4 Successful 3 | . . 1 1 1 Failed 8 | . 3 2 . 3 Catastrophic 2 | . . 1 . 1 Database Lockouts . | . . . . . Manual . | . . . . . Terminals 10 | . 3 3 . 4 Fabricators . | . . . . . Repair Stations . | . . . . . Recycling Units . | . . . . . Scanalyzers . | . . . . . Garrison Access 1 | . . . 1 . Terminal Hacks 2 | . . 1 . 1 Zone Layout 1 | . . 1 . . Security Stations 1 | . . . . 1 Fabricator Hacks . | . . . . . Repair Station Hacks . | . . . . . Recycling Unit Hacks . | . . . . . Scanalyzer . | . . . . . Garrison Access Hacks 1 | . . . 1 . Unlock Access 1 | . . . 1 . Unauthorized Hacks . | . . . . . Terminals . | . . . . . Fabricators . | . . . . . Repair Stations . | . . . . . Recycling Units . | . . . . . Scanalyzers . | . . . . . Garrison Access . | . . . . . Data Cores Recovered . | . . . . . Used . | . . . . . Hacking Detections 5 | . 1 2 . 2 Full Trace Events 2 | . 1 . . 1 Feedback Events . | . . . . . Feedback Blocked . | . . . . . Robot Schematics Acquired . | . . . . . Robots Built . | . . . . . Authchips . | . . . . . Time . | . . . . . Total Robot Build Rating . | . . . . . Part Schematics Acquired . | . . . . . Parts Built . | . . . . . Authchips . | . . . . . Time . | . . . . . Total Part Build Rating . | . . . . . Parts Repaired . | . . . . . Time . | . . . . . Parts Recycled . | . . . . . Recycled Matter . | . . . . . Retrieved Matter . | . . . . . Retrieved Components . | . . . . . Parts Scanalyzed . | . . . . . Part Schematics Acquired . | . . . . . Parts Damaged . | . . . . . Bothacking | -11 -10 -9 -8 -8 ------------ Run | Yrd Mat Mat Mat Gar Used RIF Installer . | . . . . . Robots Hacked . | . . . . . Non-combat . | . . . . . Combat . | . . . . . Robot Hacks Applied . | . . . . . Relay Couplers Released 5 | . . . . 5 Machine Destruction 5 | . . . . 5 Fabnet Peak Effective % . | . . . . . Robots Rewired . | . . . . . Allies Hacked . | . . . . . Hacks Repelled . | . . . . . Allies | -11 -10 -9 -8 -8 -------- Run | Yrd Mat Mat Mat Gar Total Allies . | . . . . . Largest Group . | . . . . . Highest-Rated Group . | . . . . . Highest-Rated Ally . | . . . . . Total Orders . | . . . . . Ally Attacks . | . . . . . Total Damage . | . . . . . Kills . | . . . . . Allies Corrupted . | . . . . . Allies Melted . | . . . . . Intel | -11 -10 -9 -8 -8 ------- Run | Yrd Mat Mat Mat Gar Robot Analysis Total . | . . . . . Derelict Logs Recovered . | . . . . . Drone Launches . | . . . . . Drone Recoveries . | . . . . . Exploration | -11 -10 -9 -8 -8 ------------- Run | Yrd Mat Mat Mat Gar Turns Passed 1619 | 58 202 354 511 494 Spaces Moved 946 | 45 141 228 222 310 Core 11 | 2 . . . 9 Treads 350 | . . 119 176 55 Legs 46 | . . . 46 . Wheels 293 | 43 141 109 . . Hover 128 | . . . . 128 Flight 118 | . . . . 118 Fastest Speed 29 | 50 90 90 120 29 Average Speed 125 | 88 90 131 175 105 Slowest Speed 350 | 100 90 160 260 350 Overloaded Moves . | . . . . . Propulsion Burnouts . | . . . . . Robots Hopped . | . . . . . Cave-ins Triggered . | . . . . . Exploration Rate (%) 23 | 5 30 24 21 38 Regions Visited 4 Branch Regions . Pre-discovered Areas . | . . . . . Known Exits Taken 1 | . . . 1 . Unknown Exits Taken 3 | 1 1 1 . . Scrap Searched . | . . . . . Spaces Dug . | . . . . . Terrain Destroyed 13 | . 9 . 3 1 Melee . | . . . . . Projectile . | . . . . . AOE 13 | . 9 . 3 1 Terrain Rammed . | . . . . . Walls Destroyed . | . . . . . Machines Disabled . | . . . . . Actions | -11 -10 -9 -8 -8 --------- Run | Yrd Mat Mat Mat Gar Total 1211 | 62 180 259 290 420 Wait 30 | . 11 8 . 11 Move 943 | 44 140 227 222 310 Hop . | . . . . . Pick Up 33 | 12 4 2 11 4 Fast Attach 22 | . . 3 7 12 Attach 22 | 6 1 2 4 9 Detach 3 | . . . 1 2 Swap 12 | . 3 1 5 3 Drop 18 | . 2 3 7 6 Fire 35 | . 19 . 10 6 Melee 67 | . . 13 23 31 Ram . | . . . . . Kick . | . . . . . Crush . | . . . . . Escape Stasis 26 | . . . . 26 Rewire . | . . . . . Trap . | . . . . . Miscellaneous . | . . . . . Route ------- -11/Scrapyard -10/Materials -9/Materials -8/Materials -8/Garrison (discovered 1 exit: [*Mat]) History --------- Turn | Location | Event 19 | -11/Scrapyard | Discovered new exit (range 16) 59 | -11/Scrapyard | Entered Materials 256 | -10/Materials | Discovered new exit (range 6) 261 | -10/Materials | Entered another Materials area 261 | -9/Materials | Evolved 2 slots: Propulsion x1, Utility x1 338 | -9/Materials | Build established: Mutant 591 | -9/Materials | Discovered new exit (range 16) 615 | -9/Materials | Entered another Materials area 615 | -8/Materials | Evolved 2 slots: Power x1, Propulsion x1 876 | -8/Materials | Lost 5 parts (2p1n2u) 1126 | -8/Materials | Identified exit to Garrison 1126 | -8/Materials | Entered Garrison 1158 | -8/Garrison | Triggered checkpoint 1163 | -8/Garrison | Learned Materials security intel 1193 | -8/Garrison | Garrison Relay disabled 1304 | -8/Garrison | Lost 5 parts (1p2n1u1w) 1494 | -8/Garrison | Core integrity fell below 50% 1500 | -8/Garrison | Triggered checkpoint 1516 | -8/Garrison | Core integrity fell below 20% 1554 | -8/Garrison | Destroyed 8 combat bots 1558 | -8/Garrison | Lost 9 parts (1p4n1u3w) 1592 | -8/Garrison | Triggered checkpoint 1614 | -8/Garrison | Discovered new exit (range 15) 1620 | -8/Garrison | Destroyed by G-47 Trooper with Particle Gun Last Messages --------------- 01580_ Dropped Mic. Nuclear Core. 01580_ Acquired Lgt. Ion Engine. 01583_ Acquired 3 matter. 01584_ Relay Coupler [Specialist] fries itself. 01586_ Acquired Flight Unit. 01589_ Connecting with Garrison Terminal... 01592_ Beams of light sweep through the air. An alarm sounds. 01592_ C-30 ARC bursts open, deploying its payload. 01592_ H-55 Commando unfolds itself. 01592_ Slug penetrates Wall. 01599_ System corrupted: Matter fused (-6). 01599_ Acquired 19 matter. 01600_ Slug penetrates Reinforced Barrier. 01614_ Flight Unit destroyed. 01614_ Critical hit (Burn: +37). 01614_ Datajack destroyed. 01614_ EXIT=FOUND 01617_ Lgt. Ion Engine destroyed. 01619_ System corrupted: Lgt. Nuclear Core rejected. 01619_ Acquired Lgt. Nuclear Core. Map ----- +----------------------------------------------------+ | ??????????????????????# #????????? "???????????? | | ??????????????????????# #????????? "???????????? | | ??????????????????????# #???????? #???????????? | | ??????????????????????# ######### ######??????? | | ??????????????????????# #??????? | | ??????????????????????# !#?? | | ??????????????????????# ##################!!#??? | | ??????????????????????# #??????????????????????? | | ??????????????????????# #??????????????????????? | | ??????????????????????# #??????????????????????? | | ??????????????????????# #??????????????????????? | | ??????????????????????# #??????????????????????? | | ??????????????????????# #??????????????????????? | | ??????????????????????# #??????????????????????? | | ??????????????????????# #??????????????????????? | | ??????????????????????# #??????????????????????? | | ??????????????????????# #??????????????????????? | | ??????????????????????# #??????????????????????? | | ??????????????????????# #??????????????????????? | | ??????????????????????# #??????????????????????? | | ??????????????????????# g #??????????????????????? | | ??????????????????????# g#??????????????????????? | | ??????????????????????# #??????????????????????? | | ??????????????????????#g #??????????????????????? | | ??????????????????????# #??????????????????????? | | ??????????????????????# @#??????????????????????? | | ??????????????????????# ?????????????????????? | | ??????????????????????# < #????????????????????? | | ??????????????????????# #????????????????????? | | ??????????????????????#######????????????????????? | | ?????????????????????????????????????????????????? | | ?????????????????????????????????????????????????? | | ?????????????????????????????????????????????????? | | ?????????????????????????????????????????????????? | | ?????????????????????????????????????????????????? | | ?????????????????????????????????????????????????? | | ?????????????????????????????????????????????????? | | ?????????????????????????????????????????????????? | | ?????????????????????????????????????????????????? | | ?????????????????????????????????????????????????? | | | | | | | | | | | | | | | | | | | | | +----------------------------------------------------+ Best States ------------- Heat Dissipation 31 Energy Generation 25 Energy Capacity 290 Matter Stores 300 Matter Capacity 300 Sight Range 16 Terrain Scan Density 10 ECM Strength 2 Armor Coverage 150 Evasion (%) 64 Recoil Reduction 2 Item Schematics ----------------- None Robot Schematics ------------------ None Fabricated ------------ Nothing Alien Tech Used ----------------- None Achievements -------------- None Challenges ------------ None Game ------ Seed MeleeMetaPerforator Manual? 0 Play Time 00:26:59 Cumulative 43.6 hours Start 2024.06.13 @ 13:59:37 End 2024.06.13 @ 14:51:14 Sessions 1 Manual Loads 0 Difficulty Rogue Special Mode None Game No. 69 Rogue 69 Adventurer 0 Explorer 0 Win Type - Total 0 Types 0/0/0/0/0/0/0/0/0 Lore% 22 Gallery% 36 Achievement% 25 Wizard Run 0 Options --------- Layout 0 ASCII 0 Keyboard 0 Movement Mouse Keybinds 0 Fullscreen 1 Font 24/Smallcaps Map View 76x50 Zoom Use 0% Tactical HUD 1 Map Filters NONE Filters NONE Steam 1 RUN: bb7f9265-a243-442e-ba7a-6191684b812f